 Dungeon Crawl Stone Soup version 0.27-a0-1557-g57f10a385c (webtiles) character file.

Game seed: 3109189168702162920

612 dolemite99 the Cruncher (level 7, 0/56 HPs)
             Began as a Minotaur Gladiator on July 16, 2021.
             Slain by a gnoll (5 damage)
             ... on level 4 of the Dungeon.
             The game lasted 00:03:27 (3379 turns).

dolemite99 the Cruncher (Minotaur Gladiator)        Turns: 3379, Time: 00:03:27

Health: 0/56       AC: 11    Str: 21    XL:     7   Next: 20%
Magic:  6/6        EV:  8    Int:  5    God:
Gold:   169        SH:  0    Dex: 11    Spells: 6/6 levels left

rFire    . . .     SeeInvis .   x - +2 quarterstaff (chaos)
rCold    . . .     Faith    .   (shield currently unavailable)
rNeg     . . .     Spirit   .   j - +0 chain mail
rPois    .         Reflect  .   c - +0 hat
rElec    .         Harm     .   y - +2 cloak
rCorr    .         Rampage  .   (no gloves)
Will     .....                  (no boots)
Stlth    ..........             (no amulet)
HPRegen  0.18/turn              (no ring)
MPRegen  0.10/turn              (no ring)

@: hasted, very quick
A: horns 2, retaliatory headbutt
a: no special abilities


You were on level 4 of the Dungeon.
You visited 1 branch of the dungeon, and saw 4 of its levels.

You collected 169 gold pieces.

Inventory:

Hand Weapons
 a - a +0 quarterstaff
 x - a +2 quarterstaff of chaos (weapon)
 C - a +0 flail of protection
Missiles
 d - 2 throwing nets
 i - 85 stones
 m - 21 bolts
 t - 18 boomerangs
 B - 4 javelins (quivered)
 D - 20 sling bullets
Armour
 b - a +0 leather armour
 c - a +0 hat (worn)
 j - a +0 chain mail (worn)
 y - a +2 cloak (worn)
Jewellery
 A - a ring of fire
Scrolls
 e - a scroll of noise {unknown}
 g - a scroll of immolation {unknown}
 k - 2 scrolls of fog {unknown}
 l - a scroll of teleportation {unknown}
 q - 2 scrolls of identify {unknown}
 r - a scroll of enchant weapon {unknown}
 s - a scroll of magic mapping {unknown}
 z - a scroll of torment {unknown}
Potions
 f - 2 potions of haste
 h - a potion of ambrosia {unknown}
 n - a potion of degeneration {unknown}
 o - a potion of invisibility {unknown}
 p - 2 potions of attraction {unknown}
 u - 2 potions of might {unknown}
 v - a potion of lignification {unknown}
 w - a potion of mutation {unknown}


   Skills:
 - Level 2.4 Fighting
 + Level 10.0 Staves
 - Level 2.0 Throwing
 - Level 3.2 Dodging


You had 6 spell levels left.
You didn't know any spells.
Your spell library contained the following spells:

 Spells                   Type           Power      Damage    Failure   Level
 Poisonous Vapours        Pois/Air       0%         N/A       100%        2
 Dazzling Flash           Conj/Hex       0%         N/A       100%        3
 Mephitic Cloud           Conj/Pois/Air  0%         N/A       100%        3
 Agony                    Necr           0%         N/A       100%        5
 Freezing Cloud           Conj/Ice/Air   0%         6-21      100%        5
 Silence                  Hex/Air        0%         N/A       100%        5


Dungeon Overview and Level Annotations

Branches:
Dungeon (4/15)
 Temple: D:4-7

Altars:
Yredelemnul


Innate Abilities, Weirdness & Mutations

You have a pair of horns on your head.
You reflexively headbutt those who attack you in melee.


Message History

Items here: ))) [ †.
Items here: ))) ÷ †.
Things that are here:
a +0 mace; a +0 whip; a +0 leather armour You see here a +0 spear.
Items here: )) [[ ÷ †.
There is an open door here.
There is a huge open gate here.
You enter the shallow water.
Moving in this stuff is going to be slow.
Something hits you!
An ogre appears from thin air!
Reactivating autopickup.
You hit the ogre but do no damage.
The ogre is poisoned.
Your headbutt misses the ogre.
The ogre is lightly wounded.
The ogre hits you with a +0 giant club!
You sock the ogre! Your headbutt misses the ogre.
The ogre is severely wounded.
The ogre hits you with a +0 giant club!
* * * LOW HITPOINT WARNING * * *
You hit the ogre. You freeze the ogre. You headbutt the ogre.
You kill the ogre!
Your Staves skill increases to level 10!
You enter the shallow water.
Moving in this stuff is going to be slow.
You sock the gnoll! You freeze the gnoll. You headbutt the gnoll.
You kill the gnoll!
You closely miss the gnoll. Your headbutt misses the gnoll. You hit the gnoll.
The gnoll is poisoned.
Your headbutt misses the gnoll.
The gnoll is lightly wounded.
The gnoll hits you with a +0 flail.
* * * LOW HITPOINT WARNING * * *
You hit the gnoll but do no damage.
The gnoll is heavily wounded.
The gnoll hits you with a +0 flail.
* * * LOW HITPOINT WARNING * * *
It was a potion of haste.
You feel yourself speed up. The gnoll hits you with a +0 flail.
You die...

.......)##.######...###.#
####
.........)#####..........
....
...###.)##.#≈####...###..
>... .)##
##.####≈#####.## .... #.
#....#≈≈#..g.# . ###. #.#
##.###≈≈≈..#### ..###.
#.###.## #.≈≈≈## ......
#...## ##.≈≈gg## #......
###.#####..≈≈.≈@# ...##.
#..#.......≈≈..≈# #.#.##.
##.#.#####≈.≈≈...#
.......
.......)).≈.≈≈.≈≈#
#.#.#..
##...#####≈.≈≈...#
#...... #.#.# #..≈≈≈).#
###.#.. #.#.# #..≈≈...#
#.#.. #.#.# #.≈≈≈≈..#
#.... # #.# #.≈≈≈≈..#
###..


You could see 2 gnolls.

Vanquished Creatures
  An ogre (D:4)
  A howler monkey (D:4)
  An orc priest (D:3)
  Crazy Yiuf (D:3)
  A gnoll shaman (D:4)
  2 hounds (D:4)
  Jessica (D:2)
  An iguana (D:4)
  An orc wizard (D:4)
  10 gnolls (D:4)
  3 adders
  An adder skeleton (D:4)
  2 worms (D:2)
  3 dart slugs
  22 orcs
  4 endoplasms
  2 giant cockroaches
  7 goblins
  8 hobgoblins
  14 jackals
  8 kobolds
  5 quokkas
  4 ball pythons
  6 bats (D:1)
  7 frilled lizards
  4 rats (D:1)
120 creatures vanquished.

Vanquished Creatures (others)
  2 plants (D:4)
2 creatures vanquished.

Grand Total: 122 creatures vanquished

Notes
Turn   | Place    | Note
-------+----------+-------------------------------------------
     0 | D:1      | dolemite99 the Minotaur Gladiator began the quest for the
                  | Orb.
     0 | D:1      | Reached XP level 1. HP: 18/18 MP: 0/0
   129 | D:1      | Reached skill level 4 in Staves
   205 | D:1      | Reached XP level 2. HP: 25/25 MP: 1/1
   479 | D:1      | Reached skill level 5 in Staves
   501 | D:1      | Reached XP level 3. HP: 28/30 MP: 2/2
   929 | D:2      | Noticed Jessica
   936 | D:2      | Killed Jessica
   937 | D:2      | Reached skill level 6 in Staves
   937 | D:2      | Reached XP level 4. HP: 32/37 MP: 3/3
  1483 | D:3      | Found a runed translucent door.
  1484 | D:3      | Noticed Crazy Yiuf
  1595 | D:3      | Reached XP level 5. HP: 42/42 MP: 4/4
  1603 | D:3      | Reached skill level 7 in Staves
  1890 | D:3      | Found a basalt altar of Yredelemnul.
  1920 | D:3      | Found a faded altar of an unknown god.
  2414 | D:3      | Killed Crazy Yiuf
  2522 | D:4      | Reached skill level 8 in Staves
  2522 | D:4      | Reached XP level 6. HP: 43/50 MP: 5/5
  2999 | D:4      | Reached skill level 9 in Staves
  3296 | D:4      | Reached XP level 7. HP: 56/56 MP: 6/6
  3365 | D:4      | Reached skill level 10 in Staves
  3379 | D:4      | Slain by a gnoll

Illustrated notes

Levels and vault maps discovered:
D:1:      eino_arrival_cavern_e, layout_basic
D:2:      layout_basic, uniq_jessica
D:3:      layout_loops_corners, lemuel_round_altar, basic_ecumenical_altar,
          uniq_crazy_yiuf_cottage
D:4:      lemuel_castle_with_subvaults [lemuel_castle_interior_carwin_1],
          layout_loops_ring, minmay_temple_entry_poolview,
          chequers_serial_rivers_small_3

Skill      XL: |  1  2  3  4  5  6  7 |
---------------+----------------------+-----
Staves         | 4 5 6 8 9 10 | 10.0
Fighting       | |  2.4
Throwing       | |  2.0
Dodging        | |  3.2

Action                   |  1- 3 |  4- 6 |  7- 9 || total
-------------------------+-------+-------+-------++-------
Melee: Quarterstaff      |    82 |   138 |    10 ||   230
       Headbutt          |     9 |    16 |     2 ||    27
Throw: Javelin           |       |    32 |       ||    32
       Throwing net      |       |     1 |       ||     1
  Use: Potion            |       |       |     1 ||     1
 Stab: Sleeping          |     1 |       |       ||     1
Armor: Leather armour    |    20 |       |       ||    20
       Chain mail        |    15 |    74 |       ||    89
Dodge: Dodged            |    51 |    53 |     1 ||   105

Table legend: (Time is in decaauts)
 A = Elapsed time spent in this place.
 B = Non-inter-level travel time spent in this place.
 C = Inter-level travel time spent in this place.
 D = Time resting spent in this place.
 E = Time spent auto-exploring this place.
 F = Levels seen in this place.
 G = Mean time per level.
                   A        B        C        D        E       F      G
               +--------+--------+--------+--------+--------+-----+--------+
         Total |   3387 |   3312 |     75 |    444 |   2097 |   4 |  846.8 |
       Dungeon |   3387 |   3312 |     75 |    444 |   2097 |   4 |  846.8 |
               +--------+--------+--------+--------+--------+-----+--------+

Top non-repeatable levels by time:
     D:3: 1169 daAuts
     D:4: 878 daAuts
     D:1: 739 daAuts
     D:2: 599 daAuts
